Workbook

Sheet Inc Stmt_1
A1: St. Louis Board of Education
A3: (St. Louis Public Schools)
A4: Statement of Revenues, Expenditures and Changes in Fund Balances - Governmental Funds
A6: Begin Post Date Jul 1, 2019 To End Post Date Nov 30, 2019
G9: General Fund | I9: Teachers Fund | K9: Debt Service | M9: Building | O9: DESEG Vocation Ed | Q9: DESEG Settlement | S9: Non-Major Governmental Funds | U9: Bond Proceeds | W9: Total
A10: Revenues
A11: Local Revenues
A12: Current Taxes | G12: 7182494.5 | I12: 7643492.5 | K12: - | M12: - | O12: - | Q12: - | S12: - | U12: - | W12: 14825987
A13: Delinquent Taxes | G13: 2355703.7 | I13: - | K13: 332153.17 | M13: - | O13: - | Q13: - | S13: - | U13: - | W13: 2687856.9
A14: Interest on Investments | G14: 413757.35 | I14: - | K14: 45346.98 | M14: - | O14: - | Q14: - | S14: - | U14: - | W14: 459104.33
A15: Other | G15: 499834.8 | I15: 33691.77 | K15: - | M15: 5150 | O15: - | Q15: - | S15: - | U15: - | W15: 538676.57
A16: Local Revenues - Total | G16: 10451790 | I16: 7677184.2 | K16: 377500.15 | M16: 5150 | W16: 18511625
A17: County Revenues | G17: - | I17: 5426.1 | K17: - | M17: - | O17: - | Q17: - | S17: - | U17: - | W17: 5426.1
A18: Federal Revenues | G18: 4123447.5 | I18: 799430.68 | K18: - | M18: - | O18: - | Q18: - | S18: - | U18: - | W18: 4922878.2
A19: State Revenues | G19: 4207306.9 | I19: 4862334.3 | K19: - | M19: - | O19: - | Q19: - | S19: - | U19: - | W19: 9069641.1
A20: Revenues - Total | G20: 18782545 | I20: 13344375 | K20: 377500.15 | M20: 5150 | W20: 32509570
A22: Expenditures
A23: Instruction | G23: 7795566.8 | I23: 39840804 | K23: - | M23: - | O23: - | Q23: - | S23: - | U23: - | W23: 47636371
A24: Building Services | G24: 13414580 | I24: 46551.23 | K24: - | M24: - | O24: - | Q24: - | S24: - | U24: - | W24: 13461132
A25: Administration | G25: 5684850.6 | I25: 5495482.1 | K25: - | M25: - | O25: - | Q25: - | S25: - | U25: - | W25: 11180333
A26: Instructional Support | G26: 7088119.3 | I26: 6369843.5 | K26: - | M26: - | O26: - | Q26: - | S26: - | U26: - | W26: 13457963
A27: Non-Instructional Support | G27: 5227672.6 | I27: 71463.11 | K27: - | M27: - | O27: - | Q27: - | S27: - | U27: - | W27: 5299135.7
A28: Transportation | G28: 5306919.1 | I28: - | K28: - | M28: - | O28: - | Q28: - | S28: - | U28: - | W28: 5306919.1
A29: Food and Community Services | G29: 8174973.7 | I29: 2866713.9 | K29: - | M29: - | O29: - | Q29: - | S29: - | U29: - | W29: 11041688
A30: Current Expenditures - Total | G30: 52692683 | I30: 54690858 | K30: - | M30: - | O30: - | Q30: - | S30: - | U30: - | W30: 1.0738354e+08
A31: Capital Outlay | G31: 0 | I31: 0 | K31: 0 | M31: 4024880.4 | O31: 0 | Q31: 0 | S31: 0 | U31: 0 | W31: 4024880.4
A33: Excess (Deficiency) Revenue - Expense | G33: -33910138 | I33: -41346483 | K33: 377500.15 | M33: -4019730.4 | O33: 0 | Q33: 0 | S33: 0 | U33: 0 | W33: -78898851
A34: Debt Service | G34: General Funds | I34: Teachers Fund | K34: Debt Services | M34: Building | O34: Vocation Ed | Q34: Settlement | S34: Nonmajor | U34: Bond Proceeds | W34: Total
A35: Interest | G35: 0 | I35: 0 | K35: -2530362.5 | M35: 0 | O35: 0 | Q35: 0 | S35: 0 | U35: 0 | W35: -2530362.5
A36: Debt Service - Total | G36: 0 | I36: 0 | K36: -2530362.5 | M36: 0 | O36: 0 | Q36: 0 | S36: 0 | U36: 0 | W36: -2530362.5
A37: Other Financing Sources (Uses)
A38: Sale of Capital Assets | G38: - | I38: - | K38: - | M38: 10000 | O38: - | Q38: - | S38: - | U38: - | W38: 10000
A39: Other Financing Sources (Uses) - Total | G39: - | I39: - | K39: - | M39: 10000 | O39: - | Q39: - | S39: - | U39: - | W39: 10000
A41: Net Change in Fund Balances | G41: -33909049 | I41: -41346483 | K41: 2907862.6 | M41: -4009730.4 | O41: 0 | Q41: 0 | S41: 0 | U41: 0 | W41: -76357399
A42: Fund Balances - Beginning of Period | G42: =+'Inc Stmt_1'!G42:H42+'[1]Inc Stmt_1'!G47:H47 -> 95317396 | I42: =+'Inc Stmt_1'!I42:J42+'[1]Inc Stmt_1'!I47:J47 -> -0.9 | K42: =+'Inc Stmt_1'!K42:L42+'[1]Inc Stmt_1'!K47:L47 -> 48319125 | M42: =+'Inc Stmt_1'!M42:N42+'[1]Inc Stmt_1'!M47:N47 -> -270149.41 | O42: =+'Inc Stmt_1'!O42:P42+'[1]Inc Stmt_1'!O47:P47 -> 525852.88 | Q42: =+'Inc Stmt_1'!Q42:R42+'[1]Inc Stmt_1'!Q47:R47 -> 7400335.8 | S42: =+'Inc Stmt_1'!S42:T42+'[1]Inc Stmt_1'!S47:T47 -> 0 | U42: =+'Inc Stmt_1'!U42:V42+'[1]Inc Stmt_1'!U47:V47 -> 0 | W42: =+'Inc Stmt_1'!W42:X42+'[1]Inc Stmt_1'!W47:X47 -> 1.5129256e+08
A43: Fund Balances - End of Period | G43: =+G41+G42 -> 61408347 | I43: =+I41+I42 -> -41346484 | K43: =+K41+K42 -> 51226988 | M43: =+M41+M42 -> -4279879.8 | O43: =+O41+O42 -> 525852.88 | Q43: =+Q41+Q42 -> 7400335.8 | S43: =+S41+S42 -> 0 | U43: =+U41+U42 -> 0 | W43: =+W41+W42 -> 74935160

Sheet Bal Stmt_2
A1: St. Louis Board of Education
A3: (St. Louis Public Schools)
A4: Balance Sheet - Governmental Funds
A5: As Of Nov 30, 2019
F8: General Fund | H8: Teachers Fund | J8: Debt Service | L8: Building | N8: DESEG Vocation Ed | P8: DESEG Settlement | R8: Non-Major Governmental Funds | T8: Bond Proceeds | V8: Total
A9: Assets
A10: Cash and Temporary Investments
A11: Cash and Investments | F11: =+'Bal Stmt_2'!F11:G11+'[1]Bal Stmt_2'!F11:G11-4816.65 -> 1.2158197e+08 | H11: =+'Bal Stmt_2'!H11:I11+'[1]Bal Stmt_2'!H11:I11 -> 42023450 | J11: =+'Bal Stmt_2'!J11:K11+'[1]Bal Stmt_2'!J11:K11 -> 48156892 | L11: =+'Bal Stmt_2'!L11:M11+'[1]Bal Stmt_2'!L11:M11 -> 4698996.6 | N11: =+'Bal Stmt_2'!N11:O11+'[1]Bal Stmt_2'!N11:O11 -> 525852.88 | P11: =+'Bal Stmt_2'!P11:Q11+'[1]Bal Stmt_2'!P11:Q11 -> 7400335.8 | R11: =+'Bal Stmt_2'!R11:S11+'[1]Bal Stmt_2'!R11:S11 -> 38735037 | T11: =+'Bal Stmt_2'!T11:U11+'[1]Bal Stmt_2'!T11:U11 -> 0 | V11: =+'Bal Stmt_2'!V11:W11+'[1]Bal Stmt_2'!V11:W11-4816.65 -> 2.3628386e+08
A12: Investments Held for Bond Indebtedness | F12: =+'Bal Stmt_2'!F12:G12+'[1]Bal Stmt_2'!F12:G12 -> 0 | H12: =+'Bal Stmt_2'!H12:I12+'[1]Bal Stmt_2'!H12:I12 -> 0 | J12: =+'Bal Stmt_2'!J12:K12+'[1]Bal Stmt_2'!J12:K12 -> 24611958 | L12: =+'Bal Stmt_2'!L12:M12+'[1]Bal Stmt_2'!L12:M12 -> 0 | N12: =+'Bal Stmt_2'!N12:O12+'[1]Bal Stmt_2'!N12:O12 -> 0 | P12: =+'Bal Stmt_2'!P12:Q12+'[1]Bal Stmt_2'!P12:Q12 -> 0 | R12: =+'Bal Stmt_2'!R12:S12+'[1]Bal Stmt_2'!R12:S12 -> 0 | T12: =+'Bal Stmt_2'!T12:U12+'[1]Bal Stmt_2'!T12:U12 -> 0 | V12: =+'Bal Stmt_2'!V12:W12+'[1]Bal Stmt_2'!V12:W12 -> 24611958
A13: Cash and Temporary Investments - Total | F13: =+F11+F12 -> 1.2158197e+08 | H13: =+'Bal Stmt_2'!H13:I13+'[1]Bal Stmt_2'!H13:I13 -> 42023450 | J13: =+'Bal Stmt_2'!J13:K13+'[1]Bal Stmt_2'!J13:K13 -> 51226988 | L13: =+'Bal Stmt_2'!L13:M13+'[1]Bal Stmt_2'!L13:M13 -> 4698996.6 | N13: =+'Bal Stmt_2'!N13:O13+'[1]Bal Stmt_2'!N13:O13 -> 525852.88 | P13: =+'Bal Stmt_2'!P13:Q13+'[1]Bal Stmt_2'!P13:Q13 -> 7400335.8 | R13: =+'Bal Stmt_2'!R13:S13+'[1]Bal Stmt_2'!R13:S13 -> 38735037 | T13: =+'Bal Stmt_2'!T13:U13+'[1]Bal Stmt_2'!T13:U13 -> 0 | V13: =+'Bal Stmt_2'!V13:W13+'[1]Bal Stmt_2'!V13:W13-4816.65 -> 2.3276797e+08
A14: Accounts Receivable
A15: Receivables - Grants | F15: =+'Bal Stmt_2'!F15:G15+'[1]Bal Stmt_2'!F15:G15 -> 16317883 | H15: =+'Bal Stmt_2'!H15:I15+'[1]Bal Stmt_2'!H15:I15 -> 11865925 | J15: =+'Bal Stmt_2'!J15:K15+'[1]Bal Stmt_2'!J15:K15 -> 0 | L15: =+'Bal Stmt_2'!L15:M15+'[1]Bal Stmt_2'!L15:M15 -> 101336.21 | N15: =+'Bal Stmt_2'!N15:O15+'[1]Bal Stmt_2'!N15:O15 -> 0 | P15: =+'Bal Stmt_2'!P15:Q15+'[1]Bal Stmt_2'!P15:Q15 -> 0 | R15: =+'Bal Stmt_2'!R15:S15+'[1]Bal Stmt_2'!R15:S15 -> 0 | T15: =+'Bal Stmt_2'!T15:U15+'[1]Bal Stmt_2'!T15:U15 -> 0 | V15: =+'Bal Stmt_2'!V15:W15+'[1]Bal Stmt_2'!V15:W15 -> 28285145
A16: Receivables - Taxes | F16: =+'Bal Stmt_2'!F16:G16+'[1]Bal Stmt_2'!F16:G16 -> 27771683 | H16: =+'Bal Stmt_2'!H16:I16+'[1]Bal Stmt_2'!H16:I16 -> 0 | J16: =+'Bal Stmt_2'!J16:K16+'[1]Bal Stmt_2'!J16:K16 -> 2495907.5 | L16: =+'Bal Stmt_2'!L16:M16+'[1]Bal Stmt_2'!L16:M16 -> 0 | N16: =+'Bal Stmt_2'!N16:O16+'[1]Bal Stmt_2'!N16:O16 -> 0 | P16: =+'Bal Stmt_2'!P16:Q16+'[1]Bal Stmt_2'!P16:Q16 -> 0 | R16: =+'Bal Stmt_2'!R16:S16+'[1]Bal Stmt_2'!R16:S16 -> 0 | T16: =+'Bal Stmt_2'!T16:U16+'[1]Bal Stmt_2'!T16:U16 -> 0 | V16: =+'Bal Stmt_2'!V16:W16+'[1]Bal Stmt_2'!V16:W16 -> 30267591
A17: Receivables - Other | F17: =+'Bal Stmt_2'!F17:G17+'[1]Bal Stmt_2'!F17:G17 -> 1538922.7 | H17: =+'Bal Stmt_2'!H17:I17+'[1]Bal Stmt_2'!H17:I17 -> 45592.73 | J17: =+'Bal Stmt_2'!J17:K17+'[1]Bal Stmt_2'!J17:K17 -> 131735.96 | L17: =+'Bal Stmt_2'!L17:M17+'[1]Bal Stmt_2'!L17:M17 -> 5470.49 | N17: =+'Bal Stmt_2'!N17:O17+'[1]Bal Stmt_2'!N17:O17 -> 0 | P17: =+'Bal Stmt_2'!P17:Q17+'[1]Bal Stmt_2'!P17:Q17 -> 0 | R17: =+'Bal Stmt_2'!R17:S17+'[1]Bal Stmt_2'!R17:S17 -> 2023.23 | T17: =+'Bal Stmt_2'!T17:U17+'[1]Bal Stmt_2'!T17:U17 -> 0 | V17: =+'Bal Stmt_2'!V17:W17+'[1]Bal Stmt_2'!V17:W17 -> 1719698.6
A18: Due from other Funds
A19: Deferred Tax Revenue
A20: Accounts Receivable - Total | F20: =+'Bal Stmt_2'!F20:G20+'[1]Bal Stmt_2'!F20:G20 -> 52560577 | H20: =+'Bal Stmt_2'!H20:I20+'[1]Bal Stmt_2'!H20:I20 -> 18400827 | J20: =+'Bal Stmt_2'!J20:K20+'[1]Bal Stmt_2'!J20:K20 -> 770269.44 | L20: =+'Bal Stmt_2'!L20:M20+'[1]Bal Stmt_2'!L20:M20 -> 106806.7 | N20: =+'Bal Stmt_2'!N20:O20+'[1]Bal Stmt_2'!N20:O20 -> 0 | P20: =+'Bal Stmt_2'!P20:Q20+'[1]Bal Stmt_2'!P20:Q20 -> 0 | R20: =+'Bal Stmt_2'!R20:S20+'[1]Bal Stmt_2'!R20:S20 -> 2023.23 | T20: =+'Bal Stmt_2'!T20:U20+'[1]Bal Stmt_2'!T20:U20 -> 0 | V20: =+'Bal Stmt_2'!V20:W20+'[1]Bal Stmt_2'!V20:W20 -> 71836456
A21: Other Current Assets
A22: Prepaid Assets | F22: =+'Bal Stmt_2'!F22:G22+'[1]Bal Stmt_2'!F22:G22 -> 3849.11 | H22: =+'Bal Stmt_2'!H22:I22+'[1]Bal Stmt_2'!H22:I22 -> 0 | J22: =+'Bal Stmt_2'!J22:K22+'[1]Bal Stmt_2'!J22:K22 -> 0 | L22: =+'Bal Stmt_2'!L22:M22+'[1]Bal Stmt_2'!L22:M22 -> 0 | N22: =+'Bal Stmt_2'!N22:O22+'[1]Bal Stmt_2'!N22:O22 -> 0 | P22: =+'Bal Stmt_2'!P22:Q22+'[1]Bal Stmt_2'!P22:Q22 -> 0 | R22: =+'Bal Stmt_2'!R22:S22+'[1]Bal Stmt_2'!R22:S22 -> 111.45 | T22: =+'Bal Stmt_2'!T22:U22+'[1]Bal Stmt_2'!T22:U22 -> 0 | V22: =+'Bal Stmt_2'!V22:W22+'[1]Bal Stmt_2'!V22:W22 -> 3960.56
A23: Other Current Assets - Total | F23: =+'Bal Stmt_2'!F23:G23+'[1]Bal Stmt_2'!F23:G23 -> 3849.11 | H23: =+'Bal Stmt_2'!H23:I23+'[1]Bal Stmt_2'!H23:I23 -> 0 | J23: =+'Bal Stmt_2'!J23:K23+'[1]Bal Stmt_2'!J23:K23 -> 0 | L23: =+'Bal Stmt_2'!L23:M23+'[1]Bal Stmt_2'!L23:M23 -> 0 | N23: =+'Bal Stmt_2'!N23:O23+'[1]Bal Stmt_2'!N23:O23 -> 0 | P23: =+'Bal Stmt_2'!P23:Q23+'[1]Bal Stmt_2'!P23:Q23 -> 0 | R23: =+'Bal Stmt_2'!R23:S23+'[1]Bal Stmt_2'!R23:S23 -> 111.45 | T23: =+'Bal Stmt_2'!T23:U23+'[1]Bal Stmt_2'!T23:U23 -> 0 | V23: =+'Bal Stmt_2'!V23:W23+'[1]Bal Stmt_2'!V23:W23 -> 3960.56
A24: Assets - Total | F24: =+F13+F20+F23 -> 1.741464e+08 | H24: =+'Bal Stmt_2'!H24:I24+'[1]Bal Stmt_2'!H24:I24 -> 60424277 | J24: =+'Bal Stmt_2'!J24:K24+'[1]Bal Stmt_2'!J24:K24 -> 51226988 | L24: =+'Bal Stmt_2'!L24:M24+'[1]Bal Stmt_2'!L24:M24 -> 4805803.3 | N24: =+'Bal Stmt_2'!N24:O24+'[1]Bal Stmt_2'!N24:O24 -> 525852.88 | P24: =+'Bal Stmt_2'!P24:Q24+'[1]Bal Stmt_2'!P24:Q24 -> 7400335.8 | R24: =+'Bal Stmt_2'!R24:S24+'[1]Bal Stmt_2'!R24:S24 -> 38737172 | T24: =+'Bal Stmt_2'!T24:U24+'[1]Bal Stmt_2'!T24:U24 -> 0 | V24: =+'Bal Stmt_2'!V24:W24+'[1]Bal Stmt_2'!V24:W24-4816.65 -> 3.0460838e+08
A25: Liabilities and Fund Balance
A26: Liabilities
A27: Accounts Payable | F27: =+'Bal Stmt_2'!F27:G27+'[1]Bal Stmt_2'!F27:G27 -> 20655474 | H27: =+'Bal Stmt_2'!H27:I27+'[1]Bal Stmt_2'!H27:I27 -> 6976003.3 | J27: =+'Bal Stmt_2'!J27:K27+'[1]Bal Stmt_2'!J27:K27 -> 0 | L27: =+'Bal Stmt_2'!L27:M27+'[1]Bal Stmt_2'!L27:M27 -> 1030099.5 | N27: =+'Bal Stmt_2'!N27:O27+'[1]Bal Stmt_2'!N27:O27 -> 0 | P27: =+'Bal Stmt_2'!P27:Q27+'[1]Bal Stmt_2'!P27:Q27 -> 0 | R27: =+'Bal Stmt_2'!R27:S27+'[1]Bal Stmt_2'!R27:S27 -> 1296800.3 | T27: =+'Bal Stmt_2'!T27:U27+'[1]Bal Stmt_2'!T27:U27 -> 0 | V27: =+'Bal Stmt_2'!V27:W27+'[1]Bal Stmt_2'!V27:W27 -> 29958378
A28: Retainage Payable
A29: Claims Payable | F29: =+'Bal Stmt_2'!F29:G29+'[1]Bal Stmt_2'!F29:G29 -> 0 | H29: =+'Bal Stmt_2'!H29:I29+'[1]Bal Stmt_2'!H29:I29 -> 0 | J29: =+'Bal Stmt_2'!J29:K29+'[1]Bal Stmt_2'!J29:K29 -> 0 | L29: =+'Bal Stmt_2'!L29:M29+'[1]Bal Stmt_2'!L29:M29 -> 0 | N29: =+'Bal Stmt_2'!N29:O29+'[1]Bal Stmt_2'!N29:O29 -> 0 | P29: =+'Bal Stmt_2'!P29:Q29+'[1]Bal Stmt_2'!P29:Q29 -> 0 | R29: =+'Bal Stmt_2'!R29:S29+'[1]Bal Stmt_2'!R29:S29 -> 0 | T29: =+'Bal Stmt_2'!T29:U29+'[1]Bal Stmt_2'!T29:U29 -> 0 | V29: =+'Bal Stmt_2'!V29:W29+'[1]Bal Stmt_2'!V29:W29 -> 0
A30: Other Accrued Liabilities | F30: =+'Bal Stmt_2'!F30:G30+'[1]Bal Stmt_2'!F30:G30 -> 1209732.3 | H30: =+'Bal Stmt_2'!H30:I30+'[1]Bal Stmt_2'!H30:I30 -> 99785 | J30: =+'Bal Stmt_2'!J30:K30+'[1]Bal Stmt_2'!J30:K30 -> 0 | L30: =+'Bal Stmt_2'!L30:M30+'[1]Bal Stmt_2'!L30:M30 -> 0 | N30: =+'Bal Stmt_2'!N30:O30+'[1]Bal Stmt_2'!N30:O30 -> 0 | P30: =+'Bal Stmt_2'!P30:Q30+'[1]Bal Stmt_2'!P30:Q30 -> 0 | R30: =+'Bal Stmt_2'!R30:S30+'[1]Bal Stmt_2'!R30:S30 -> 2916469.9 | T30: =+'Bal Stmt_2'!T30:U30+'[1]Bal Stmt_2'!T30:U30 -> 0 | V30: =+'Bal Stmt_2'!V30:W30+'[1]Bal Stmt_2'!V30:W30 -> 4225987.1
A31: Due to Other Funds
A32: Deposits and Escrow Funds | F32: =+'Bal Stmt_2'!F32:G32+'[1]Bal Stmt_2'!F32:G32 -> 0 | H32: =+'Bal Stmt_2'!H32:I32+'[1]Bal Stmt_2'!H32:I32 -> 0 | J32: =+'Bal Stmt_2'!J32:K32+'[1]Bal Stmt_2'!J32:K32 -> 0 | L32: =+'Bal Stmt_2'!L32:M32+'[1]Bal Stmt_2'!L32:M32 -> 0 | N32: =+'Bal Stmt_2'!N32:O32+'[1]Bal Stmt_2'!N32:O32 -> 0 | P32: =+'Bal Stmt_2'!P32:Q32+'[1]Bal Stmt_2'!P32:Q32 -> 0 | R32: =+'Bal Stmt_2'!R32:S32+'[1]Bal Stmt_2'!R32:S32 -> 38077460 | T32: =+'Bal Stmt_2'!T32:U32+'[1]Bal Stmt_2'!T32:U32 -> 0 | V32: =+'Bal Stmt_2'!V32:W32+'[1]Bal Stmt_2'!V32:W32 -> 38077460
A33: Due to other funds Unearned Re
A34: Liabilities - Total | F34: =+'Bal Stmt_2'!F34:G34+'[1]Bal Stmt_2'!F34:G34 -> 44919951 | H34: =+'Bal Stmt_2'!H34:I34+'[1]Bal Stmt_2'!H34:I34 -> 19077795 | J34: =+'Bal Stmt_2'!J34:K34+'[1]Bal Stmt_2'!J34:K34 -> 0 | L34: =+'Bal Stmt_2'!L34:M34+'[1]Bal Stmt_2'!L34:M34 -> 1066222.3 | N34: =+'Bal Stmt_2'!N34:O34+'[1]Bal Stmt_2'!N34:O34 -> 0 | P34: =+'Bal Stmt_2'!P34:Q34+'[1]Bal Stmt_2'!P34:Q34 -> 0 | R34: =+'Bal Stmt_2'!R34:S34+'[1]Bal Stmt_2'!R34:S34 -> 38737172 | T34: =+'Bal Stmt_2'!T34:U34+'[1]Bal Stmt_2'!T34:U34 -> 0 | V34: =+'Bal Stmt_2'!V34:W34+'[1]Bal Stmt_2'!V34:W34 -> 79751805
A35: Liabilities - Total | F35: =+'Bal Stmt_2'!F35:G35+'[1]Bal Stmt_2'!F35:G35 -> 44919951 | H35: =+'Bal Stmt_2'!H35:I35+'[1]Bal Stmt_2'!H35:I35 -> 19077795 | J35: =+'Bal Stmt_2'!J35:K35+'[1]Bal Stmt_2'!J35:K35 -> 0 | L35: =+'Bal Stmt_2'!L35:M35+'[1]Bal Stmt_2'!L35:M35 -> 1066222.3 | N35: =+'Bal Stmt_2'!N35:O35+'[1]Bal Stmt_2'!N35:O35 -> 0 | P35: =+'Bal Stmt_2'!P35:Q35+'[1]Bal Stmt_2'!P35:Q35 -> 0 | R35: =+'Bal Stmt_2'!R35:S35+'[1]Bal Stmt_2'!R35:S35 -> 38737172 | T35: =+'Bal Stmt_2'!T35:U35+'[1]Bal Stmt_2'!T35:U35 -> 0 | V35: =+'Bal Stmt_2'!V35:W35+'[1]Bal Stmt_2'!V35:W35 -> 79751805
A36: Fund Balances | F36: =+'Bal Stmt_2'!F36:G36+'[1]Bal Stmt_2'!F36:G36 -> 1.2922644e+08 | H36: =+'Bal Stmt_2'!H36:I36+'[1]Bal Stmt_2'!H36:I36 -> 41346484 | J36: =+'Bal Stmt_2'!J36:K36+'[1]Bal Stmt_2'!J36:K36 -> 51226988 | L36: =+'Bal Stmt_2'!L36:M36+'[1]Bal Stmt_2'!L36:M36 -> 4279879.8 | N36: =+'Bal Stmt_2'!N36:O36+'[1]Bal Stmt_2'!N36:O36 -> 525852.88 | P36: =+'Bal Stmt_2'!P36:Q36+'[1]Bal Stmt_2'!P36:Q36 -> 7400335.8 | R36: =+'Bal Stmt_2'!R36:S36+'[1]Bal Stmt_2'!R36:S36 -> 0 | T36: =+'Bal Stmt_2'!T36:U36+'[1]Bal Stmt_2'!T36:U36 -> 0 | V36: =+'Bal Stmt_2'!V36:W36+'[1]Bal Stmt_2'!V36:W36 -> 2.2764996e+08
A38: Liabilities and Fund Balance | F38: =+'Bal Stmt_2'!F38:G38+'[1]Bal Stmt_2'!F38:G38 -> 1.741464e+08 | H38: =+'Bal Stmt_2'!H38:I38+'[1]Bal Stmt_2'!H38:I38 -> 60424277 | J38: =+'Bal Stmt_2'!J38:K38+'[1]Bal Stmt_2'!J38:K38 -> 51226988 | L38: =+'Bal Stmt_2'!L38:M38+'[1]Bal Stmt_2'!L38:M38 -> 4805803.3 | N38: =+'Bal Stmt_2'!N38:O38+'[1]Bal Stmt_2'!N38:O38 -> 525852.88 | P38: =+'Bal Stmt_2'!P38:Q38+'[1]Bal Stmt_2'!P38:Q38 -> 7400335.8 | R38: =+'Bal Stmt_2'!R38:S38+'[1]Bal Stmt_2'!R38:S38 -> 38737172 | T38: =+'Bal Stmt_2'!T38:U38+'[1]Bal Stmt_2'!T38:U38 -> 0 | V38: =+'Bal Stmt_2'!V38:W38+'[1]Bal Stmt_2'!V38:W38 -> 3.0460838e+08
G40: =+F38-F24 -> 0 | I40: =+H38-H24 -> 0 | K40: =+J38-J24 -> 0 | M40: =+L38-L24 -> 0 | O40: =+N38-N24 -> 0 | Q40: =+P38-P24 -> 0 | S40: =+R38-R24 -> 0 | W40: =+V38-V24 -> 0
